AoeStats
← Sander

Oasis

508470726Analyzed
3v3 RM · 8d ago on Sep 22, 2026· 58m 53s· 6 players
Game mode
Random Map
Map size
Normal (6 player)
Population
200
Speed
Normal
Resources
Standard
Victory
Conquest
Starting age
Dark Age
Ending age
Imperial Age
RankedLock teamsTeams togetherTeam positionsShared explorationLock speedFull tech treeHidden civsTurbo modeCheats
Victory
Defeat
🇩🇪 Teutons · Germany
1050
+17
🇩🇪 Italians · Germany
1033
+18
🇩🇪 Magyars · Germany
1015
+19
🇩🇰 Random · Denmark
1077
-18
🇩🇰 Random · Denmark
1074
-18
🇩🇰 Japanese · Denmark
1074
-18
milessss
11:43 Feudal Age
13:13 Loom
16:57 Fletching
18:44 Horse Collar
24:04 Castle Age
23:15 Double-Bit Axe
23:55 Bloodlines
24:27 Scale Barding Armor
26:18 Husbandry
27:09 Bow Saw
31:25 Chain Barding Armor
34:03 Wheelbarrow
32:55 Light Cavalry
33:40 Bodkin Arrow
35:25 Heavy Plow
36:12 Gold Mining
38:05 Corvinian Army
40:07 Thumb Ring
44:42 Imperial Age
44:00 Caravan
45:29 Hand Cart
46:10 Plate Barding Armor
45:37 Bracer
45:17 Elite Magyar Huszar
46:20 Conscription
48:40 Padded Archer Armor
49:24 Ballistics
50:05 Chemistry
50:10 Parthian Tactics
49:06 Heavy Cavalry Archer
51:36 Crop Rotation
52:09 Two-Man Saw
52:40 Leather Archer Armor
52:41 Recurve Bow
Taa
3:57 Loom
11:29 Feudal Age
12:03 Double-Bit Axe
13:02 Horse Collar
13:57 Man-at-Arms
21:02 Castle Age
22:00 Bow Saw
22:24 Forging
23:38 Bloodlines
24:18 Scale Barding Armor
27:02 Wheelbarrow
29:50 Caravan
30:25 Fortified Wall
31:01 Gold Mining
32:41 Iron Casting
32:27 Chain Barding Armor
34:07 Ballistics
34:04 Heavy Plow
34:23 Hand Cart
34:45 Fletching
37:01 Town Watch
37:19 Scale Mail Armor
37:15 Bodkin Arrow
40:22 Imperial Age
39:03 Chain Mail Armor
38:55 Squires
39:50 Stone Mining
40:38 Town Patrol
40:27 Cavalier
41:45 Crop Rotation
42:18 Two-Man Saw
41:57 Conscription
42:39 Blast Furnace
42:14 Plate Barding Armor
42:20 Plate Mail Armor
41:15 Elite Teutonic Knight
43:02 Chemistry
42:52 Paladin
46:14 Hoardings
48:13 Siege Engineers
50:13 Padded Archer Armor
50:03 Arson
49:50 Elite Skirmisher
55:20 Stone Shaft Mining
Sander
10:36 Feudal Age
11:20 Double-Bit Axe
13:26 Fletching
18:51 Padded Archer Armor
24:35 Castle Age
24:40 Crossbowman
25:28 Thumb Ring
25:20 Bodkin Arrow
25:41 Leather Archer Armor
26:56 Bow Saw
26:28 Horse Collar
29:40 Gold Mining
29:43 Stone Mining
34:52 Wheelbarrow
38:28 Heavy Plow
46:01 Imperial Age
43:47 Hand Cart
47:04 Conscription
47:02 Bracer
48:52 Pirotechnia
49:56 Chemistry
50:16 Elite Genoese Crossbowman
51:45 Stone Shaft Mining
53:55 Two-Man Saw
54:18 Ballistics
54:11 Arbalester
54:13 Elite Skirmisher
56:51 Ring Archer Armor
56:31 Forging
56:27 Scale Barding Armor
56:14 Onager
59:02 Caravan
ayaya
7:27 Loom
9:27 Feudal Age
14:19 Horse Collar
14:26 Double-Bit Axe
25:49 Castle Age
30:09 Heavy Plow
32:19 Bow Saw
32:53 Town Watch
35:37 Squires
35:57 Gold Mining
36:04 Stone Mining
39:51 Gold Shaft Mining
40:03 Gambesons
40:04 Arson
43:36 Wheelbarrow
49:59 Imperial Age
51:48 Two-Man Saw
51:20 Crop Rotation
51:44 Elite Varangian Guard
52:27 Scale Mail Armor
52:39 Murder Holes
53:05 Ballistics
54:02 Fortified Wall
54:09 Fletching
Shakky Hendrix
11:35 Feudal Age
11:36 Man-at-Arms
13:14 Loom
13:45 Scale Mail Armor
17:55 Stone Mining
23:29 Castle Age
22:17 Horse Collar
22:28 Gold Mining
22:37 Double-Bit Axe
27:17 Pikeman
35:08 Gold Shaft Mining
37:51 Wheelbarrow
42:53 Imperial Age
40:33 Heavy Plow
41:05 Forging
41:48 Chain Mail Armor
42:32 Iron Casting
42:34 Squires
43:28 Halberdier
45:33 Conscription
46:47 Bow Saw
49:21 Blast Furnace
48:51 Plate Mail Armor
48:42 Elite Samurai
49:44 Kataparuto
50:32 Ballistics
50:46 Hand Cart
BuCh3R
10:41 Feudal Age
14:20 Castle Age
13:42 Double-Bit Axe
15:11 Horse Collar
17:21 Loom
21:00 Wheelbarrow
20:23 Stone Mining
20:39 Scale Mail Armor
20:58 Squires
23:35 Forging
24:35 Chain Mail Armor
28:10 Hamask
31:01 Iron Casting
36:08 Hand Cart
37:28 Town Watch
41:21 Imperial Age
40:15 Fletching
40:19 Arson
42:38 Elite Jomsviking
45:07 Conscription
45:37 Hoardings
45:07 Murder Holes
47:55 Plate Mail Armor
48:26 Blast Furnace
50:53 Onager
52:24 Siege Onager
56:37 Northmen's Fury
Connection lost

Rejoining the realm…

Still unreachable

The connection could not be restored.

Session expired

The server has moved on; the page needs a fresh start.